 Dungeon Crawl Stone Soup version 0.29.1-13-g9f3cf754e1 (webtiles) character file.

Game seed: 5268194278876042992

5163 NoxaEventide the Cleaver (level 10, 0/78 HPs)
             Began as a Minotaur Berserker on Jan 27, 2023.
             Was an Elder of Trog.
             Succumbed to a hornet's poison
             ... on level 10 of the Dungeon.
             The game lasted 01:03:00 (12998 turns).

NoxaEventide the Cleaver (Minotaur Berserker)      Turns: 12998, Time: 01:03:01

Health: 0/78       AC: 20    Str: 27    XL:     10   Next: 33%
Magic:  9/9        EV:  9    Int:  4    God:    Trog [****..]
Gold:   453        SH:  0    Dex:  9    Spells: 9/9 levels left

rFire   . . .      SeeInvis +   q - +0 halberd (freeze)
rCold   . . .      Faith    .   (shield currently unavailable)
rNeg    . . .      Spirit   .   v - +0 plate armour
rPois   .          Reflect  .   V - +1 hat
rElec   .          Harm     .   o - +0 cloak
rCorr   .          Rampage  .   D - +1 pair of gloves
Will    +....                   H - +0 pair of boots
Stlth   ..........              (no amulet)
HPRegen 0.23/turn               O - ring of willpower
MPRegen 0.11/turn               P - ring of see invisible

@: lethally poisoned (0 -> -3), marked, on berserk cooldown, slowed, very slow
A: horns 2, retaliatory headbutt
a: Renounce Religion, Berserk, Trog's Hand, Brothers in Arms


You were on level 10 of the Dungeon.
You worshipped Trog.
Trog was greatly pleased with you.
You visited 1 branch of the dungeon, and saw 10 of its levels.

You collected 453 gold pieces.

Inventory:

Hand Weapons
 a - a +0 hand axe
 c - a +0 vorpal hand axe
 q - a +0 halberd of freezing (weapon)
 y - a +0 dagger of holy wrath
 F - a +5 short sword
Missiles
 g - 2 throwing nets
Armour
 b - a +0 animal skin
 i - a +0 robe
 o - a +0 cloak (worn)
 r - +1 swamp dragon scales
 v - a +0 plate armour (worn)
 z - a +0 helmet
 C - +0 acid dragon scales
 D - a +1 pair of gloves (worn)
 G - a +0 leather armour
 H - a +0 pair of boots (worn)
 I - a +0 scale mail
 L - a +0 ring mail
 N - a +0 ring mail
 V - a +1 hat (worn)
Jewellery
 O - a ring of willpower (left hand)
 P - a ring of see invisible (right hand)
Wands
 k - a wand of roots (5)
 p - a wand of mindburst (18)
 A - a wand of flame (11)
 R - a wand of light (8)
 S - a wand of digging (1)
Scrolls
 e - 2 scrolls of vulnerability {unknown}
 f - a scroll of immolation {unknown}
 h - a scroll of blinking {unknown}
 j - 2 scrolls of fog {unknown}
 m - 3 scrolls of identify {unknown}
 n - a scroll of poison {unknown}
 s - a scroll of noise {unknown}
 x - a scroll of brand weapon {unknown}
 E - a scroll of enchant armour {unknown}
 J - a scroll of amnesia {unknown}
 K - a scroll of enchant weapon {unknown}
Potions
 d - a potion of curing {unknown}
 l - a potion of haste {unknown}
 t - 2 potions of heal wounds {unknown}
 u - 2 potions of mutation {unknown}
 w - a potion of resistance {unknown}
 Q - a potion of might
 U - a potion of lignification {unknown}
 X - a potion of magic {unknown}
 Y - a potion of brilliance {unknown}
 Z - a potion of degeneration {unknown}


   Skills:
 - Level 4.0 Fighting
 - Level 12.2(12.9) Axes
 - Level 1.0(7.9) Maces & Flails
 + Level 6.3(10.1) Polearms
 - Level 9.0 Armour
 - Level 8.3 Dodging
 - Level 0.7 Stealth


You had 9 spell levels left.
You didn't know any spells.
Your spell library contained the following spells:

 Spells                   Type           Power      Damage    Failure   Level
 Beastly Appendage        Tmut           0%         N/A       99%         1
 Sandblast                Erth           0%         2d4       99%         1
 Passwall                 Tmut/Erth      0%         N/A       100%        2
 Wereblood                Tmut           0%         N/A       100%        2
 Dazzling Flash           Conj/Hex       0%         N/A       100%        3
 Spider Form              Tmut/Pois      0%         N/A       100%        3
 Stone Arrow              Conj/Erth      0%         3d7       100%        3
 Agony                    Necr           0%         N/A       100%        5
 Silence                  Hex/Air        0%         N/A       100%        5


Dungeon Overview and Level Annotations

Branches:
Dungeon (10/15)            Temple (0/1) D:7
   Lair: D:8-11         Orc: D:9-12

Altars:
Fedhas
Gozag

Shops:
D:1 (   D:3 *

Annotations:
D:6 1 runed translucent door


Innate Abilities, Weirdness & Mutations

You have a pair of horns on your head.
You reflexively headbutt those who attack you in melee.


Message History

The kobold brigand throws a poisoned dart.
The poisoned dart completely misses you.
The hornet attacks as you move away!
The hornet stings you but does no damage.
You feel a strong urge to attack something.
* * * LOW HITPOINT WARNING * * *
You feel very sick.
The kobold brigand throws a poisoned dart.
The poisoned dart barely misses you. The hornet barely misses you.
You furiously retaliate!
You headbutt the hornet!
You feel the power of Trog in you as your rage grows.
You kill the hornet!
Trog accepts your kill.
You can now call in reinforcements.
Your base Polearms skill increases to level 6!
* * * LOW HITPOINT WARNING * * *
You feel very sick.
There is a stone staircase leading down here.
You feel your anger nearly subside.
You are no longer berserk.
You are exhausted.
You feel as though you will be slow longer.
* * * LOW HITPOINT WARNING * * *
You feel very sick.
The kobold brigand throws a poisoned dart.
The poisoned dart barely misses you. The kobold hits you but does no damage.
You climb downwards.
* * * LOW HITPOINT WARNING * * *
You feel very sick.
There is a stone staircase leading up here.
You closely miss the kobold.
* * * LOW HITPOINT WARNING * * *
You feel very sick. The kobold hits you but does no damage.
The kobold barely misses you.
You're still recovering from your berserk rage.
You hit the kobold but do no damage. Your headbutt misses the kobold.
* * * LOW HITPOINT WARNING * * *
You feel sick. The kobold hits you but does no damage.
You hit the kobold. You freeze the kobold.
You kill the kobold!
Trog accepts your kill.
You die...

###### #@...#
#...)......
....####.....
##### ...#
..# ##


There were no monsters in sight!

Vanquished Creatures
  Pikel (D:6)
  Joseph (D:8)
  Maggie (D:8)
  A kobold demonologist (D:8)
  A hornet (D:9)
  3 yaks (D:8)
  2 water moccasins
  2 orc warriors
  A sky beast (D:7)
  5 black bears
  2 ogres
  A centaur (D:8)
  A phantom (D:5)
  A kobold brigand (D:7)
  A bullfrog (D:7)
  A gnoll sergeant (D:7)
  3 necrophages
  8 scorpions
  11 killer bees
  3 hounds (D:5)
  A jelly (D:5)
  4 orc priests
  2 iguanas
  4 orc wizards
  9 gnolls
  5 adders
  A river rat (D:5)
  A shadow imp (D:7)
  2 white imps
  3 ufetubi
  A worm (D:2)
  5 dart slugs
  17 orcs
  8 endoplasms
  8 giant cockroaches
  6 hobgoblins
  2 jackals (D:2)
  16 kobolds
  5 quokkas
  8 ball pythons
  10 bats
  6 frilled lizards
  6 goblins
  6 rats
  2 butterflies (D:6)
188 creatures vanquished.

Notes
Turn   | Place    | Note
-------+----------+-------------------------------------------
     0 | D:1      | NoxaEventide the Minotaur Berserker began the quest for the
                  | Orb.
     0 | D:1      | Reached XP level 1. HP: 19/19 MP: 0/0
  1592 | D:1      | Reached XP level 2. HP: 27/27 MP: 1/1
  1622 | D:1      | Reached skill level 4 in Axes
  1978 | D:1      | Found Uzxo's Weapon Shoppe.
  3398 | D:2      | Reached XP level 3. HP: 20/33 MP: 2/2
  3599 | D:2      | Reached ** piety under Trog
  3676 | D:2      | Found a faded altar of an unknown god.
  4355 | D:3      | Reached skill level 5 in Axes
  4655 | D:3      | Found Janolem's Assorted Antiques.
  4730 | D:3      | Reached XP level 4. HP: 37/40 MP: 3/3
  4825 | D:3      | Noticed a scorpion
  4836 | D:3      | Killed a scorpion
  4837 | D:3      | Reached skill level 6 in Axes
  5102 | D:4      | Reached XP level 5. HP: 42/46 MP: 4/4
  5532 | D:4      | Reached skill level 7 in Axes
  5657 | D:4      | You fall into a shaft and drop 2 floors!
  5673 | D:5      | Entered Level 5 of the Dungeon
  5677 | D:5      | Noticed a phantom
  5689 | D:5      | Killed a phantom
  5690 | D:5      | Reached skill level 8 in Axes
  5690 | D:5      | Reached XP level 6. HP: 52/52 MP: 5/5
  6157 | D:4      | Reached *** piety under Trog
  6158 | D:4      | Reached skill level 9 in Axes
  6498 | D:5      | Reached skill level 1 in Maces & Flails
  6505 | D:5      | Reached XP level 7. HP: 59/59 MP: 6/6
  6749 | D:5      | Identified the +1 robe of Narcissism {rF- Int+2 Stlth+}
  8021 | D:6      | Found a blossoming altar of Fedhas.
  8151 | D:6      | Found an opulent altar of Gozag.
  8207 | D:6      | Reached XP level 8. HP: 31/66 MP: 7/7
  9274 | D:6      | Found a runed translucent door.
  9276 | D:6      | Found a runed translucent door.
  9287 | D:6      | Reached skill level 10 in Axes
  9287 | D:6      | Reached skill level 5 in Armour
  9296 | D:6      | Reached skill level 5 in Dodging
  9560 | D:6      | Noticed Pikel
  9580 | D:6      | Killed Pikel
  9581 | D:6      | Reached XP level 9. HP: 71/71 MP: 8/8
  9803 | D:7      | Reached skill level 11 in Axes
 10197 | D:7      | Found a staircase to the Ecumenical Temple.
 10257 | D:7      | Reached **** piety under Trog
 11303 | D:8      | Noticed Joseph
 11320 | D:8      | Killed Joseph
 11876 | D:8      | Noticed Maggie
 11886 | D:8      | Killed Maggie
 11887 | D:8      | Reached skill level 12 in Axes
 11988 | D:8      | Reached skill level 1 in Polearms
 12002 | D:8      | Reached XP level 10. HP: 47/78 MP: 9/9
 12681 | D:8      | Reached skill level 5 in Polearms
 12985 | D:9      | Paralysed by a hornet for 1 turns
 12995 | D:10     | Entered Level 10 of the Dungeon
 12996 | D:10     | HP: 3/78 [poisoned by a hornet]
 12997 | D:10     | HP: 1/78 [poisoned by a hornet]
 12998 | D:10     | Succumbed to a hornet's poison

Illustrated notes

Levels and vault maps discovered:
D:1:      dpeg_arrival_tiny_g, layout_loops_corners, serial_shops,
          nicolae_shop_bloodbath_and_beyond
D:2:      layout_basic, shapermc_ecumenical_altar_notcrosses,
          minmay_curled_crystal, minmay_misc_feat_enclosed
D:3:      layout_basic, serial_shops, shop
D:4:      layout_basic, grunt_decor_cap, minmay_misc_feat_five,
          chequers_serial_rivers_room_b
D:5:      layout_layer_cave, portal_sewer_entry_e
D:6:      lemuel_insect_pit, layout_gridville,
          mainiacjoe_overflow_catwalk_spiral, uniq_pikel
D:7:      layout_rooms, minmay_temple_entry_glass
D:8:      layout_gridville, grunt_ogre_cave, kennysheep_doodads, uniq_joseph,
          uniq_maggie
D:9:      layout_irregular_city, enter_bailey_2
D:10:     layout_layer_cave, david_orc_2, serial_shops, kennysheep_mini,
          nicolae_shop_dragon_depot, uniq_psyche

Skill      XL: |  1  2  3  4  5  6  7  8  9 10 |
---------------+-------------------------------+-----
Axes           | 4 5 6 8 9 10 12 | 12.2
Fighting       | 4 |  4.0
Maces & Flails | 1 |  1.0
Armour         | 4 6 9 |  9.0
Dodging        | 4 6 8 |  8.3
Polearms       | 1 6 |  6.3
Stealth        | |  0.7

Action                   |  1- 3 |  4- 6 |  7- 9 | 10-12 || total
-------------------------+-------+-------+-------+-------++-------
Melee: Hand axe          |   102 |   114 |   227 |       ||   443
       Headbutt          |     7 |    16 |    44 |     8 ||    75
       Punch             |       |     2 |     3 |       ||     5
       Halberd           |       |       |    16 |    56 ||    72
Throw: Stone             |     2 |       |       |       ||     2
Invok: Berserk           |     1 |     2 |     9 |     3 ||    15
 Stab: Sleeping          |     1 |       |       |       ||     1
Armor: Animal skin       |    25 |       |       |       ||    25
       Acid dragon scale |       |    58 |   110 |       ||   168
       Swamp dragon scal |       |       |     8 |     9 ||    17
       Plate armour      |       |       |       |    65 ||    65
Dodge: Dodged            |    61 |    62 |   165 |    67 ||   355
